 Dungeon Crawl Stone Soup version 0.18-a0-1028-g6e46bd4 (webtiles) character file.

2703 Reinor the Covert (level 9, -6/59 HPs)
             Began as a Tengu Gladiator on Jan 9, 2016.
             Was an Initiate of Okawaru.
             Mangled by an orc warrior
             ... wielding a +1 glaive of protection
              (25 damage)
             ... on level 7 of the Dungeon.
             The game lasted 00:35:55 (6864 turns).

Reinor the Covert (Tengu Gladiator)                 Turns: 6864, Time: 00:35:55

Health: -6/59      AC:  4    Str: 20    XL:     9   Next: 65%
Magic:  10/10      EV: 13    Int: 10    God:    Okawaru [......]
Gold:   415        SH:  0    Dex: 15    Spells: 0 memorised, 8 levels left

rFire  + . .     SeeInvis +     a - +0 trident
rCold  + . .     Gourm    .     C - +1 robe of the Earth {rF+ rC+ SInv} (curse)
rNeg   . . .     Faith    .     (no shield)
rPois  .         Spirit   .     c - +0 hat
rElec  .         Dismiss  .     (no cloak)
rCorr  .         Reflect  .     k - +1 pair of gloves
SustAt .         Harm     +     (boots unavailable)
MR     .....                    u - amulet of harm
Stlth  ++++......               (no ring)
                                j - +3 ring of strength

@: not resistant to hostile enchantments, stealthy
A: beak, talons 3, deformed body, mutation resistance 1, able to fly 1
a: Fly, Renounce Religion


You were on level 7 of the Dungeon.
You worshipped Okawaru.
Okawaru was noncommittal.
You were hungry.

You visited 2 branches of the dungeon, and saw 9 of its levels.

You collected 415 gold pieces.

Inventory:

Hand Weapons
 a - a +0 trident (weapon)
Missiles
 d - 2 throwing nets (quivered)
 m - 6 curare-tipped needles
Armour
 b - a +0 leather armour
 c - a +0 hat (worn)
 k - a +1 pair of gloves (worn)
 C - the cursed +1 robe of the Earth (worn) {rF+ rC+ SInv}
   (You found it on level 4 of the Dungeon)

   It protects you from fire.
   It protects you from cold.
   It lets you see invisible.
   It has a curse placed upon it.
Jewellery
 e - an uncursed ring of positive energy
 g - an uncursed ring of protection from fire
 j - a +3 ring of strength (left hand)
 u - an amulet of harm (around neck)
Wands
 r - a wand of paralysis (13/24)
 t - a wand of paralysis (4/24)
 y - a wand of disintegration (5/24)
Scrolls
 v - a scroll of fear
 E - a scroll of teleportation
Potions
 i - a potion of magic
 l - a potion of agility
 n - 2 potions of cancellation
 p - a potion of ambrosia
 q - 3 potions of berserk rage
 w - a potion of flight {unknown}
 x - a potion of degeneration {unknown}
 A - 2 potions of brilliance
 B - a potion of curing {unknown}
 D - a potion of resistance {unknown}
 F - a potion of invisibility
Comestibles
 f - 2 bread rations
 h - 3 chunks of flesh
 o - a slice of pizza
 s - 3 beef jerkies
 z - 6 meat rations


   Skills:
 + Level 8.1 Fighting
 - Level 8.0 Polearms
 - Level 2.0 Throwing
 - Level 3.2 Dodging
 - Level 8.5 Stealth


You had 8 spell levels left.
You didn't know any spells.

Dungeon Overview and Level Annotations

Branches:
Dungeon (8/15)             Temple (1/1) D:7
   Lair: D:8-11

Altars:
Ashenzari
Cheibriados
Dithmenos
Elyvilon
Fedhas
Gozag
Kikubaaqudgha
Makhleb
Nemelex Xobeh
Okawaru
Qazlal
Ru
Sif Muna
Trog
Vehumet
Xom
Yredelemnul
Zin
The Shining One

Shops:
D:7 [


Innate Abilities, Weirdness & Mutations

You have a beak for a mouth.
You have claws for feet.
You can fly.
Armour fits poorly on your strangely shaped body.
You are somewhat resistant to further mutation.


Message History

Attack whom?
Press: ? - help, Dir - move target cursor, f - orc warrior, p - orc wizard
Aim: an orc warrior, wielding a glaive of protection and wearing a plate armour You reach to attack!
You hit the orc warrior.
The orc warrior is lightly wounded.
Evoke which item? (* to show all) (? for menu, Esc to quit)
Zapping:
t - a wand of paralysis (6/24)
Press: ? - help, Shift-Dir - straight line, f/p - orc warrior
Aim: an orc warrior, wielding a glaive of protection and wearing a plate armour (lightly wounded, chance to defeat MR: 46%)
The orc warrior resists with some effort.
This wand has 5 charges left.
The orc warrior hits you from afar with a glaive of protection!!
Evoke which item? (* to show all) (? for menu, Esc to quit)
Zapping:
t - a wand of paralysis (5/24)
Press: ? - help, Shift-Dir - straight line, f/p - orc warrior
Aim: an orc warrior, wielding a glaive of protection and wearing a plate armour (lightly wounded, chance to defeat MR: 46%)
The orc warrior resists with some effort.
This wand has 4 charges left.
The orc warrior hits you from afar with a glaive of protection!!
You die...

#####.########..# #.#
....#.# #.####.#####
###.#.# #..........#
#.#.########.####.###.#
#.#....).)(..# #.# #.#
#.#.########.# #[# #.#
###.#.## #.####.# #.#
.......#######.#..oo# #.#
...............#@#### #.#
###<.#.#####.#.#.# #.#
###..#.# #.#.#.######.#
⌠....#.#####.#.#.....##.#
.....#.##...!..#####.##.#
>.⌠..#.##.##.#.<........#
.......##.##.#######<####
⌠...#..##.##.# #.#
##....###.##.# #.#


You could see an orc warrior and an orc wizard (invisible).

Vanquished Creatures
  Grinder (D:3)
  Sigmund (D:5)
  3 yaks
  Edmund (D:5)
  An orc warrior (D:6)
  A sky beast (D:5)
  An ogre (D:7)
  A black bear (D:7)
  The ghost of runewalsh the Chiller, an amateur OpIE (D:3)
  A big kobold (D:7)
  Blork the orc (D:6)
  2 giant frogs (D:7)
  A gnoll sergeant (D:5)
  2 scorpions (D:4)
  2 crimson imps
  A jelly (D:7)
  A giant frog skeleton (D:7)
  2 hounds (D:7)
  3 orc wizards
  3 orc priests
  4 iguanas
  Jessica (D:2)
  7 worker ants
  A worker ant zombie (D:6)
  7 gnolls (D:5)
  10 adders
  An ooze (D:2)
  An adder zombie (D:6)
  2 adder skeletons
  A worm (D:5)
  8 giant geckos
  32 orcs
  2 ball pythons
  4 bats
  4 giant cockroaches
  2 goblins
  6 hobgoblins
  6 jackals
  2 quokkas
  7 giant newts
  6 kobolds
  A quokka skeleton (D:4)
  2 quokka zombies (D:5)
  6 rats
153 creatures vanquished.

Notes
Turn   | Place    | Note
--------------------------------------------------------------
     0 | D:1      | Reinor the Tengu Gladiator began the quest for the Orb.
     0 | D:1      | Reached XP level 1. HP: 12/12 MP: 2/2
    57 | D:1      | Reached XP level 2. HP: 7/17 MP: 3/3
   175 | D:1      | Reached skill level 4 in Polearms
   521 | D:2      | Found a shimmering altar of Xom.
   603 | D:2      | Noticed Jessica
   613 | D:2      | Killed Jessica
   613 | D:2      | Reached skill level 5 in Polearms
   613 | D:2      | Reached XP level 3. HP: 14/21 MP: 2/4
   997 | D:2      | Reached XP level 4. HP: 26/26 MP: 5/5
  1387 | D:3      | Noticed Grinder
  1406 | D:3      | Killed Grinder
  1406 | D:3      | Reached skill level 7 in Polearms
  1406 | D:3      | Gained mutation: You can fly. [Tengu growth]
  1406 | D:3      | Reached XP level 5. HP: 11/30 MP: 1/6
  1406 | D:3      | Reached XP level 6. HP: 12/35 MP: 1/7
  1418 | D:3      | Noticed runewalsh's ghost (amateur OpIE)
  1548 | D:3      | Killed runewalsh's ghost
  1548 | D:3      | Reached skill level 8 in Polearms
  1674 | D:3      | Reached skill level 1 in Stealth
  1788 | D:3      | Found a burning altar of Makhleb.
  1870 | D:3      | Found a faded altar to an unknown god.
  2119 | D:4      | Reached XP level 7. HP: 24/40 MP: 5/8
  2822 | D:4      | Got a bloodstained robe
  2840 | D:4      | Identified the cursed +1 robe of the Earth {rF+ rC+ SInv} (You found it on level 4 of the Dungeon)
  3069 | D:5      | Entered Level 5 of the Dungeon
  3093 | D:5      | Found a shattered altar of Ashenzari.
  3231 | D:5      | Reached skill level 5 in Stealth
  3263 | D:5      | Gained mutation: You are somewhat resistant to further mutation. [mutagenic meat]
  3265 | D:5      | Gained mutation: Armour fits poorly on your strangely shaped body. [mutagenic meat]
  3302 | D:5      | Reached XP level 8. HP: 12/44 MP: 2/9
  3504 | D:5      | Noticed a yak
  3504 | D:5      | Noticed a yak
  3504 | D:5      | Noticed a yak
  3580 | D:5      | Killed a yak
  4010 | D:4      | Killed a yak
  4225 | D:5      | Killed a yak
  4231 | D:5      | Found a stormy altar of Qazlal.
  4489 | D:5      | Noticed Sigmund
  4497 | D:5      | Killed Sigmund
  4547 | D:5      | Noticed Edmund
  4560 | D:5      | Killed Edmund
  4560 | D:5      | Reached XP level 9. HP: 48/52 MP: 10/10
  5033 | D:6      | Reached skill level 5 in Fighting
  5049 | D:6      | Found a glowing golden altar of the Shining One.
  5515 | D:6      | Noticed Blork the orc
  5519 | D:6      | Killed Blork the orc
  5848 | D:7      | Found Roituytz's Antique Armour Shoppe.
  5906 | D:7      | Found a staircase to the Ecumenical Temple.
  5922 | Temple   | Entered the Ecumenical Temple
  6039 | Temple   | Became a worshipper of Warmaster Okawaru
  6487 | D:7      | Found a burning altar of Makhleb.
  6489 | D:7      | Noticed a green death
  6493 | D:7      | Noticed a hellwing
  6580 | D:7      | Found a sacrificial altar of Ru.
  6587 | D:7      | Found a sparkling altar of Nemelex Xobeh.
  6864 | D:7      | Mangled by an orc warrior

Vault maps used:
D:1:      lightli_arrival_lavapool
D:2:      lemuel_round_altar, kennysheep_jessica_study
D:3:      lemuel_coloured_pillars_altar, ecumenical_altar_1, uniq_grinder
D:4:      first_bread
D:5:      old_standard_altar, evilmike_ruin_ashenzari, sigmund_edmund_badplayer
D:6:      lemuel_round_altar, uniq_blork_the_orc
D:7:      minitemple, temple_fountains, serial_shops, shop,
          makhleb_altar_promises_db
D:8:      serial_shops, shop
Temple:   oiseaux_autumnal_temple_12

Action                   |  1- 3 |  4- 6 |  7- 9 || total
-------------------------+-------+-------+-------++-------
Melee: Trident           |    63 |   120 |   427 ||   610
Throw: Throwing net      |       |       |     2 ||     2
 Abil: Fly               |       |     7 |    20 ||    27
Evoke: Wand              |       |       |    18 ||    18
  Use: Scroll            |     4 |     5 |    13 ||    22
       Potion            |       |       |     8 ||     8
 Stab: Sleeping          |     1 |     1 |    14 ||    16
       Paralysed         |       |       |    32 ||    32
       Invisible         |       |       |    10 ||    10
  Eat: Chunk             |       |     5 |    12 ||    17
       Bread ration      |       |       |     2 ||     2
